[gd_scene load_steps=30 format=2]

[ext_resource path="res://Scripts/AudioPlayer.gd" type="Script" id=1]
[ext_resource path="res://Audio/Music/MainMenu.wav" type="AudioStream" id=2]
[ext_resource path="res://Audio/Footsteps.wav" type="AudioStream" id=3]
[ext_resource path="res://Audio/Medic1.wav" type="AudioStream" id=4]
[ext_resource path="res://Audio/IntoBed.wav" type="AudioStream" id=5]
[ext_resource path="res://Audio/Callout2.wav" type="AudioStream" id=6]
[ext_resource path="res://Audio/Callout3.wav" type="AudioStream" id=7]
[ext_resource path="res://Audio/Button4.wav" type="AudioStream" id=8]
[ext_resource path="res://Audio/Dragging.wav" type="AudioStream" id=9]
[ext_resource path="res://Audio/Button1.wav" type="AudioStream" id=10]
[ext_resource path="res://Audio/Button5.wav" type="AudioStream" id=11]
[ext_resource path="res://Audio/Hit1.wav" type="AudioStream" id=12]
[ext_resource path="res://Audio/Button3.wav" type="AudioStream" id=13]
[ext_resource path="res://Audio/Button2.wav" type="AudioStream" id=14]
[ext_resource path="res://Audio/Callout1.wav" type="AudioStream" id=15]
[ext_resource path="res://Audio/Hit3.wav" type="AudioStream" id=16]
[ext_resource path="res://Audio/Bandage.wav" type="AudioStream" id=17]
[ext_resource path="res://Audio/Hit2.wav" type="AudioStream" id=18]
[ext_resource path="res://Audio/Music/GameIntro.wav" type="AudioStream" id=19]
[ext_resource path="res://Audio/Music/Game.wav" type="AudioStream" id=20]
[ext_resource path="res://Audio/Music/MainMenuIntro.wav" type="AudioStream" id=21]
[ext_resource path="res://Audio/OutOfBed.wav" type="AudioStream" id=22]
[ext_resource path="res://Audio/Shot.wav" type="AudioStream" id=23]
[ext_resource path="res://Audio/NextWave.wav" type="AudioStream" id=24]
[ext_resource path="res://Audio/Medic3.wav" type="AudioStream" id=25]
[ext_resource path="res://Audio/Medic2.wav" type="AudioStream" id=26]
[ext_resource path="res://Audio/Morphium1.wav" type="AudioStream" id=27]
[ext_resource path="res://Audio/Morphium2.wav" type="AudioStream" id=28]
[ext_resource path="res://Audio/Morphium3.wav" type="AudioStream" id=29]

[node name="AudioPlayer" type="Node2D"]
script = ExtResource( 1 )
sounds = [ ExtResource( 20 ), ExtResource( 19 ), ExtResource( 2 ), ExtResource( 21 ), ExtResource( 17 ), ExtResource( 10 ), ExtResource( 14 ), ExtResource( 13 ), ExtResource( 8 ), ExtResource( 11 ), ExtResource( 15 ), ExtResource( 6 ), ExtResource( 7 ), ExtResource( 9 ), ExtResource( 3 ), ExtResource( 12 ), ExtResource( 18 ), ExtResource( 16 ), ExtResource( 5 ), ExtResource( 4 ), ExtResource( 26 ), ExtResource( 25 ), ExtResource( 27 ), ExtResource( 28 ), ExtResource( 29 ), ExtResource( 24 ), ExtResource( 22 ), ExtResource( 23 ) ]

[node name="Background" type="AudioStreamPlayer2D" parent="."]
position = Vector2( 128, 96 )
stream = ExtResource( 2 )

[node name="MainMenu1" type="AudioStreamPlayer2D" parent="."]
position = Vector2( 128, 96 )

[node name="MainMenu2" type="AudioStreamPlayer2D" parent="."]
position = Vector2( 128, 96 )

[node name="MainMenu3" type="AudioStreamPlayer2D" parent="."]
position = Vector2( 128, 96 )

[node name="MainMenu4" type="AudioStreamPlayer2D" parent="."]
position = Vector2( 128, 96 )

[node name="MainMenu5" type="AudioStreamPlayer2D" parent="."]
position = Vector2( 128, 96 )

[node name="MainMenu6" type="AudioStreamPlayer2D" parent="."]
position = Vector2( 128, 96 )

[node name="MainMenu7" type="AudioStreamPlayer2D" parent="."]
position = Vector2( 128, 96 )

[node name="MainMenu8" type="AudioStreamPlayer2D" parent="."]
position = Vector2( 128, 96 )

[node name="MainMenu9" type="AudioStreamPlayer2D" parent="."]
position = Vector2( 128, 96 )

[node name="MainMenu10" type="AudioStreamPlayer2D" parent="."]
position = Vector2( 128, 96 )
[connection signal="finished" from="Background" to="." method="_on_Background_finished"]
